 Dungeon Crawl Stone Soup version 0.31.0-11-ge490571c62 (webtiles) character file.

Game seed: 2618765970222923256

288 shadizar the Magician (level 6, -5/47 HPs)
             Began as a Djinni Conjurer on Feb 4, 2024.
             Killed by miscasting Iskenderun's Mystic Blast (8 damage)
             ... on level 3 of the Dungeon.
             The game lasted 00:04:16 (2759 turns).

shadizar the Magician (Djinni Conjurer)             Turns: 2759, Time: 00:04:17

Health: -5/47      AC:  4    Str:  6    XL:     6   Next: 57%
Gold:   152        EV: 12    Int: 28    God:
                   SH:  0    Dex: 11

rFire   + + .        (no weapon)
rCold   x . .        (no shield)
rNeg    . . .        a - +0 robe
rPois   ∞            u - +0 helmet
rElec   .            (no cloak)
rCorr   +            r - +0 pair of gloves
SInv    .            (boots unavailable)
Will    .....        (no amulet)
Stlth   ++           s - +6 ring of intelligence
HPRegen 0.27/turn    m - ring of resist corrosion
MPRegen 0.00/turn

%: infuse magic (-6 HP)
@: flying, very slightly contaminated
A: sickness immunity, fire resistance 2, cold vulnerability 1, float, innate
caster, HP casting, extra vitality 1
a: no special abilities


You were on level 3 of the Dungeon.
You visited 1 branch of the dungeon, and saw 4 of its levels.

You collected 152 gold pieces.

Inventory:

Armour
 a - a +0 robe (worn)
 n - a +1 ring mail of fire resistance
 r - a +0 pair of gloves (worn)
 u - a +0 helmet (worn)
Jewellery
 d - a ring of see invisible
 m - a ring of resist corrosion (right hand)
 s - a +6 ring of intelligence (left hand)
Scrolls
 c - a scroll of teleportation {unknown}
 g - a scroll of noise {unknown}
 j - 3 scrolls of enchant armour {unknown}
 k - 3 scrolls of identify {unknown}
 l - a scroll of brand weapon {unknown}
Potions
 b - 3 potions of brilliance {unknown}
 e - a potion of degeneration {unknown}
 f - a potion of attraction {unknown}
 h - 3 potions of might {unknown}
 i - 3 potions of berserk rage {unknown}
 o - a potion of haste {unknown}
 p - 2 potions of lignification {unknown}
 q - a potion of enlightenment {unknown}
 t - a potion of magic {unknown}


   Skills:
 + Level 4.2 Fighting
 - Level 2.1 Dodging
 - Level 1.5 Stealth
 + Level 4.9 Spellcasting
 + Level 4.9 Conjurations
 + Level 4.9 Hexes
 + Level 4.9 Summonings
 + Level 4.9 Necromancy
 + Level 4.9 Translocations
 + Level 4.9 Fire Magic
 + Level 4.9 Ice Magic
 + Level 4.9 Air Magic
 + Level 4.9 Earth Magic
 + Level 4.9 Alchemy


You knew the following spells:

 Your Spells              Type           Power      Damage    Failure   Level
a - Magic Dart            Conj           100%       1d8       1%          1
b - Searing Ray           Conj           68%        2d6       1%          2
c - Fulminant Prism       Conj/Alch      17%        3d10      9%          4
d - Iskenderun's Mystic   Conj/Tloc      34%        2d8       9%          4
e - Necrotise             Necr           100%       1d9       1%          1
f - Mercury Vapours       Alch/Air       68%        N/A       1%          2
Your spell library was empty.

Dungeon Overview and Level Annotations

Branches:
Dungeon (4/15)
 Temple: D:4-7

Altars:

Shops:
D:1 :

Annotations:
D:3 Eustachio


Innate Abilities, Weirdness & Mutations

You are immune to sickness and miasma.
You are immune to poison.
Your flesh is very heat resistant. (rF++)
You are vulnerable to cold. (rC-)
You float through the air rather than walking.
You learn spells naturally, not from books.
Your magical power is your life essence.
You have superior vitality. (+4 MHP)


Message History

Unknown command.
Casting: Iskenderun's Mystic Blast (dangerous; 9% risk of failure)
Confirm with . or Enter, or press ? or * to list all spells.
You erupt in a blast of force!
The mystic blast hits Eustachio but does no damage.
Eustachio is moderately wounded.
Eustachio hits you with a +0 rapier.
Unknown command.
Unknown command.
Unknown command.
Unknown command.
Unknown command.
Unknown command.
Casting: Iskenderun's Mystic Blast (dangerous; 9% risk of failure)
Confirm with . or Enter, or press ? or * to list all spells.
You erupt in a blast of force!
The mystic blast hits Eustachio!
Eustachio is heavily wounded.
Eustachio is knocked back by the mystic blast.
Eustachio slams into the rock wall!
Eustachio is heavily wounded.
Unknown command.
Unknown command.
Unknown command.
Casting: Iskenderun's Mystic Blast (dangerous; 9% risk of failure)
Confirm with . or Enter, or press ? or * to list all spells.
You miscast Iskenderun's Mystic Blast.
You are very lightly contaminated with residual magic.
Sparks fly from your hands!
* * * LOW HITPOINT WARNING * * *
x2 Eustachio misses you.
Unknown command.
Unknown command.
Unknown command.
Unknown command.
Unknown command.
Unknown command.
Casting: Iskenderun's Mystic Blast (dangerous; 9% risk of failure)
Confirm with . or Enter, or press ? or * to list all spells.
You miscast Iskenderun's Mystic Blast.
You feel a strange surge of energy!
You die...

######........#............ #####
#.............#............ ....#
#.............#####........
....###.............# #.........
....................# ##.##.#....
..................#####..##.##...
.............###..##....###.#####
...............@.(...#### #.#####
.............###@†.### #......
.............# #.#### #......
......)......###....# #......
....#.####.....####.# ##.....
....#.# #..........# #.....
......# #..........# ##.....
#'##### #..........## #......
#.########...........## #......
#.......#####.........# #......


You could see Eustachio.

Vanquished Creatures
  2 hounds (D:4)
  2 orc priests (D:3)
  Robin (D:4)
  A gnoll (D:2)
  3 adders
  A ribbon worm (D:3)
  2 dart slugs
  5 orcs (D:3)
  10 ball pythons
  9 bats
  8 endoplasms
  2 giant cockroaches
  20 goblins
  9 hobgoblins
  8 jackals
  5 quokkas
  3 frilled lizards
  5 kobolds
  5 rats
101 creatures vanquished.

Notes
Turn   | Place    | Note
-------+----------+-------------------------------------------
     0 | D:1      | shadizar the Djinni Conjurer began the quest for the Orb.
     0 | D:1      | shadizar set off with the following spells memorised: Magic
                  | Dart, Searing Ray, Fulminant Prism, Iskenderun's Mystic
                  | Blast.
     0 | D:1      | Reached XP level 1. HP: 15/15 MP: 0/0
    52 | D:1      | Reached XP level 2. HP: 5/22 MP: 0/0
    78 | D:1      | Reached skill level 1 in Fighting
   403 | D:1      | Reached XP level 3. HP: 25/27 MP: 0/0
   403 | D:1      | Learned a level 1 spell: Necrotise
   445 | D:1      | Found Dihiprarex's Book Emporium.
  1208 | D:2      | Reached XP level 4. HP: 31/33 MP: 0/0
  1649 | D:3      | Reached XP level 5. HP: 19/40 MP: 0/0
  1649 | D:3      | Learned a level 2 spell: Mercury Vapours
  2298 | D:3      | Reached XP level 6. HP: 44/46 MP: 0/0
  2438 | D:4      | Noticed Robin
  2438 | D:4      | Noticed an ogre
  2497 | D:4      | Noticed Eustachio
  2562 | D:4      | Killed Robin
  2721 | D:4      | Noticed a black bear
  2759 | D:3      | Killed by miscasting Iskenderun's Mystic Blast

Illustrated notes

Levels and vault maps discovered:
D:1:      mrwooster_arrival_arrow, layout_loops_ring, serial_shops,
          nicolae_shop_real_fake_doors, minmay_vboxes
D:2:      layout_loops_cross, cheibrodos_gnoll_hut
D:3:      layout_basic
D:4:      layout_basic, jmf_multi_god_temple,
          minmay_temple_entry_statues_fountains, nicolae_underground_beach,
          uniq_eustachio, uniq_crazy_yiuf_cottage, uniq_robin

Skill      XL: |  1  2  3  4  5  6 |
---------------+-------------------+-----
Fighting       | 1 2 3 4 |  4.2
Spellcasting   | 4 |  4.9
Conjurations   | 4 |  4.9
Hexes          | 4 |  4.9
Summonings     | 4 |  4.9
Necromancy     | 4 |  4.9
Translocations | 4 |  4.9
Fire Magic     | 4 |  4.9
Ice Magic      | 4 |  4.9
Air Magic      | 4 |  4.9
Earth Magic    | 4 |  4.9
Alchemy        | 4 |  4.9
Dodging        | |  2.1
Stealth        | |  1.5

Action                     |  1- 3 |  4- 6 || total
---------------------------+-------+-------++-------
   Cast: Magic Dart        |    75 |   121 ||   196
         Mercury Vapours   |       |     1 ||     1
         Iskenderun's Myst |       |     6 ||     6
 Armour: Robe              |     9 |    28 ||    37
  Dodge: Dodged            |    12 |    42 ||    54
